 Dungeon Crawl Stone Soup version 0.31-a0-702-gf82c85558f (webtiles) character file.

Game seed: 16957711960830575500

39 qw the Shooter (level 3, 0/21 HPs)
             Began as a Gargoyle Hunter on Sept 7, 2023.
             Slain by a cerulean imp
             ... wielding a +2 spear
             ... summoned by Natasha
              (2 damage)
             ... on level 2 of the Dungeon.
             The game lasted 00:00:20 (706 turns).

qw the Shooter (Gargoyle Hunter)                     Turns: 706, Time: 00:00:20

Health: 0/21       AC:  8    Str: 14    XL:     3   Next: 47%
Magic:  3/3        EV: 10    Int:  9    God:
Gold:   27         SH:  0    Dex: 15    Spells: 2/2 levels left

rFire   . . .        Y - +0 shortbow
rCold   . . .        (shield currently unavailable)
rNeg    + . .        d - +0 ring mail
rPois   inf          (no helmet)
rElec   +            (no cloak)
rCorr   .            (no gloves)
SInv    .            (no boots)
Will    .....        (no amulet)
Stlth   +            (no ring)
HPRegen 0.23/turn    (no ring)
MPRegen 0.08/turn

%: no passive effects
@: slowed, very slow
A: sickness immunity, AC +3, negative energy resistance 1, electricity
resistance, torment resistance 1, petrification resistance
a: no special abilities


You were on level 2 of the Dungeon.
You visited 1 branch of the dungeon, and saw 2 of its levels.

You collected 27 gold pieces.


Innate Abilities, Weirdness & Mutations

You are immune to sickness and miasma.
Your stone body is resilient. (AC +3)
You are immune to poison.
You resist negative energy. (rN+)
You are resistant to electric shocks. (rElec)
You are resistant to unholy torment.
You are immune to petrification.


   Skills:
 + Level 2.2 Fighting
 - Level 5.0 Ranged Weapons
 - Level 1.0 Armour
 - Level 1.5 Dodging
 - Level 1.1 Stealth


You had 2 spell levels left.
You didn't know any spells.
Your spell library was empty.

Inventory:

Hand Weapons
 Y - a +0 shortbow (weapon)
Armour
 d - a +0 ring mail (worn)
Potions
 e - a potion of enlightenment {unknown}
 h - a potion of heal wounds {unknown}

Dungeon Overview and Level Annotations

Branches:
Dungeon (2/15)

Altars:

Annotations:
D:2 Natasha


Message History

660 ||| DROPPING scroll of butterflies.
You drop a scroll of butterflies.
Done exploring.
What level of the Dungeon? (default 1, ? - help)
You open the door.
There is an open door here.
There is a stone staircase leading down here.
You climb downwards.
Natasha hisses angrily.
There is a stone staircase leading up here.
Natasha is nearby!
Waypoint 1 assigned to D:2.
You shoot an arrow. The arrow hits Natasha.
Natasha is moderately wounded.
Natasha barely misses you.
You shoot an arrow. The arrow closely misses Natasha.
Natasha casts a spell at you.
You feel yourself slow down.
You shoot an arrow. The arrow hits Natasha.
Natasha is moderately wounded.
Natasha claws you. Natasha closely misses you.
You shoot an arrow. The arrow barely misses Natasha.
Natasha claws you!
Natasha stares at you and mumbles some strange words.
The magic dart hits you.
You shoot an arrow. The arrow completely misses Natasha.
Natasha claws you but does no damage. x2
You shoot an arrow. The arrow barely misses Natasha.
Natasha claws you.
Natasha casts a spell.
You shoot an arrow. The arrow hits Natasha.
Natasha is heavily wounded.
Natasha claws you but does no damage. The cerulean imp barely misses you.
Natasha claws you. The cerulean imp barely misses you.
You shoot an arrow. The arrow hits Natasha.
Natasha is almost dead.
Natasha completely misses you.
The cerulean imp hits you but does no damage.
Natasha casts a spell at you. You resist with significant effort.
The cerulean imp hits you from afar with a +2 spear.
You die...

#..
#.#
#.#
#.#
#.#
#5#
#h#
#@#
###


You could see Natasha and a cerulean imp (summoned).

Vanquished Creatures
  A dart slug (D:1)
  3 ball pythons (D:1)
  3 bats (D:1)
  An endoplasm (D:1)
  2 giant cockroaches (D:1)
  2 goblins (D:1)
  6 hobgoblins (D:1)
  4 jackals (D:1)
  2 frilled lizards (D:1)
  4 kobolds (D:1)
  5 rats (D:1)
33 creatures vanquished.

Notes
Turn   | Place    | Note
-------+----------+-------------------------------------------
     0 | D:1      | qw the Gargoyle Hunter began the quest for the Orb.
     0 | D:1      | Reached XP level 1. HP: 12/12 MP: 1/1
     0 | D:1      | 0 ||| qw: Version: 0.3-a-76-g4403597
     0 | D:1      | 0 ||| qw: Game counter: 868
     0 | D:1      | 0 ||| qw: Melee chars always use a shield: true
     0 | D:1      | 0 ||| qw: God list: Okawaru
     0 | D:1      | 0 ||| qw: Allow faded altars: false
     0 | D:1      | 0 ||| qw: Do Orc after clearing Dungeon:15 true
     0 | D:1      | 0 ||| qw: Do second Lair branch before Depths: true
     0 | D:1      | 0 ||| qw: Lair rune preference: random
     0 | D:1      | 0 ||| qw: Goals: Normal
     0 | D:1      | 0 ||| PLANNING D:1-11
   127 | D:1      | Reached XP level 2. HP: 15/17 MP: 2/2
   238 | D:1      | Found a faded altar of an unknown god.
   248 | D:1      | 248 ||| UPGRADING to +0 ring mail.
   294 | D:1      | 294 ||| DROPPING +0 leather armour.
   369 | D:1      | Reached skill level 1 in Armour
   399 | D:1      | Reached XP level 3. HP: 21/21 MP: 3/3
   474 | D:1      | Reached skill level 5 in Ranged Weapons
   653 | D:1      | 653 ||| READING scroll labelled AKUOGAOSIU.
   654 | D:1      | 654 ||| READING scroll labelled VECVAONLUL.
   655 | D:1      | 655 ||| READING scroll labelled UPLUCW BOESTROWIWI.
   656 | D:1      | 656 ||| READING scroll labelled SID KAISHROVOC.
   660 | D:1      | 660 ||| DROPPING scroll of butterflies.
   698 | D:2      | Noticed Natasha
   704 | D:2      | HP: 4/21 [Natasha (5)]
   706 | D:2      | Slain by a cerulean imp

Levels and vault maps discovered:
D:1:      dpeg_arrival_boxes_within_box, layout_basic,
          hellmonk_ecumenical_altar_lost_god
D:2:      layout_basic, minmay_tree_intersection, uniq_natasha, uniq_sigmund

Skill      XL: |  1  2  3 |
---------------+----------+-----
Armour         | 1 |  1.0
Ranged Weapons | 5 |  5.0
Fighting       | |  2.2
Dodging        | |  1.5
Stealth        | |  1.1

Action                     || total
---------------------------++-------
   Fire: Shortbow          ||    83
    Use: Scroll            ||     4
 Armour: Leather armour    ||    12
         Ring mail         ||    33
         Skin              ||     3
  Dodge: Dodged            ||    29

Table legend:
 A = Non-vault XP
 B = Vault XP
 C = Vault XP percentage of total XP
 D = Non-vault monster count
 E = Vault monster count
 F = Vault count percentage of total count
                 A         B        C        D         E       F
            +---------+---------+-------+---------+---------+-------
      Total |      57 |       0 |   0.0 |      33 |       0 |   0.0
            +---------+---------+-------+---------+---------+-------
        D:1 |      57 |       0 |   0.0 |      33 |       0 |   0.0
            +---------+---------+-------+---------+---------+-------
